 Dungeon Sprint DCSS version 0.17-a0-1691-g18a3847 (webtiles) character file.

69233 Kidiri the Imperceptible (level 13, 0/60 HPs)
             Began as a Spriggan Enchanter on Aug 20, 2015.
             Was the Champion of Dithmenos.
             Succumbed to a glaive of venom's poison
             ... in the Dungeon (Sprint III: "The Ten Rune Challenge").
             The game lasted 00:20:16 (4768 turns).

Kidiri the Imperceptible (Spriggan Enchanter)       Turns: 4768, Time: 00:20:16

Health: 0/60       AC:  6    Str:  4      XL:     13   Next: 78%
Magic:  33/37      EV: 35    Int: 25      God:    Dithmenos [******]
Gold:   2349       SH:  2    Dex: 16 (20) Spells: 5 memorised, 38 levels left

rFire  + . .     SeeInvis +     m - +3 dagger
rCold  . . .     Clarity  +     s - +0 robe {rF+}
rNeg   . . .     SustAt   .     (shield restricted)
rPois  .         Gourm    .     j - +2 hat {SInv}
rElec  .         Spirit   .     (no cloak)
rCorr  .         Warding  .     (gloves unavailable)
rMut   .         NoTele   +     (boots unavailable)
MR     ++...                    (no amulet)
Stlth  ++++++++++               (no ring)
                                u - ring of stealth

@: brilliant, lethally poisoned (0 -> -2), flying, wreathed by umbra, very
quick, very resistant to hostile enchantments, uncannily stealthy
A: unfitting armour, large bone plates 1, thin skeletal structure 1, see
invisible, clarity, deterioration 1, herbivore 3, speed 3, robust 1, slow
metabolism 2
a: Shadow Step, Shadow Form, Renounce Religion
}: 2/10 runes: serpentine, barnacled


You were in the Dungeon.
You worshipped Dithmenos.
Dithmenos was exalted by your worship.
You were not hungry.

You visited 1 branch You collected 2349 gold pieces.

Inventory:

Hand weapons
 m - a +3 dagger (weapon)
Armour
 j - a +2 hat of see invisible (worn)
 s - a +0 robe of fire resistance (worn)
Jewellery
 u - a ring of stealth (left hand)
Magical devices
 t - a wand of magic darts (14)
Scrolls
 l - a scroll of torment
 q - a scroll of holy word
 r - a scroll of remove curse
Potions
 g - a potion of haste
 h - 2 potions of magic
 i - 2 potions of berserk rage
 k - a potion of might
 o - 4 potions of cure mutation
 p - a potion of agility
Comestibles
 c - 29 royal jellies
 n - 12 fruits


   Skills:
 + Level 13.4 Short Blades
 * Level 22.3 Dodging
 * Level 24.0 Stealth
 * Level 19.4 Spellcasting
 + Level 9.4 Conjurations
 + Level 14.7 Hexes
 + Level 10.4 Ice Magic
 - Level 2.5 Invocations


You had 38 spell levels left.
You knew the following spells:

 Your Spells              Type           Power        Failure   Level  Hunger
a - Corona                Hex            #######      0%          1    None
b - Ensorcelled Hibernat  Hex/Ice        ######       1%          2    None
c - Confuse               Hex            #######.     0%          3    None
d - Tukima's Dance        Hex            #######.     0%          3    None
e - Dazzling Spray        Conj/Hex       #######.     1%          3    None


Dungeon Overview and Level Annotations

Branches:
Dungeon (1/1)

Altars:
Cheibriados
Dithmenos
Elyvilon
Fedhas
Gozag
Kikubaaqudgha
Makhleb
Nemelex Xobeh
Okawaru
Qazlal
Ru
Sif Muna
Trog
Vehumet
Xom
Yredelemnul
Zin
The Shining One
Jiyva
Lugonu

Shops:
D (}%}?((


Innate Abilities, Weirdness & Mutations

You are tiny and cannot use many weapons and most armour.
You have supernaturally acute eyesight.
You are a herbivore.
You cover ground extremely quickly.
You need consume almost no food.
You are partially covered in large bone plates (AC +2, SH +2).
You have a somewhat thin skeletal structure (Dex +2, Stealth).
You possess an exceptional clarity of mind.
Your body sometimes deteriorates upon taking damage.
You are robust (+10% HP).


Message History

* * * LOW HITPOINT WARNING * * *
You feel sick.
Drink which item? (? for menu, Esc to quit)
Okay, then.
* * * LOW HITPOINT WARNING * * *
You feel sick.
* * * LOW HITPOINT WARNING * * *
You feel sick.
There is an open door here.
* * * LOW HITPOINT WARNING * * *
You feel sick.
Things that are here:
a scale mail; a mace
* * * LOW HITPOINT WARNING * * *
You feel sick.
There is an open door here.
* * * LOW HITPOINT WARNING * * *
You feel sick.
There is an open door here.
You die...

.#...###..#
+###########################
.§§§§§§#.'...'.#.#.#.+...≈≈#
.#≈≈§#§#.#...##.#.#.##...≈≈###
.#§§§#.#.#)..#.#.#.#.#...≈≈≈≈#
.#§§§#...#)).##.#.#.##...≈≈≈≈#
▓▓▓▓▓▓▓▓▓▓▓▓▓#.#.#.#.#.......#
.......≈≈≈...##.#.#.##.......#
≈≈≈≈≈≈≈≈≈♣♣P.+.#@#.#.#.......#
♣♣♣♣♣♣♣♣♣♣♣PP##.#.#.##########
♣♣♣##'######## ♣♣♣♣♣♣♣♣♣♣♣
#...'.≈§§≈# ##≈≈≈≈≈≈..#
#...#.≈§§§# .#≈≈≈≈≈...#
#).(#.#§≈≈#
##+≈≈≈≈≈####+#####.# ≈≈≈#
..#≈≈.§§§.§§.#.PPP.# §§§≈ ###
.)#≈..+#######.)P.P# ≈§≈ #..


There were no monsters in sight!

Vanquished Creatures
  Rupert (D)
  Frances (D)
  A kraken (D)
  Gastronok (D)
  A greater naga (D)
  Maud (D)
  Wiglaf (D)
  2 dire elephants (D)
  Josephine (D)
  A fire dragon (D)
  A naga warrior (D)
  2 hydras (D)
  2 alligator snapping turtles (D)
  4 death yaks (D)
  2 centaur warriors (D)
  A dancing weapon (D)
  4 anacondas (D)
  5 orc high priests (D)
  An unseen horror (D)
  A spriggan druid (D)
  A lindwurm (D)
  A death drake (D)
  3 orc knights (D)
  An ugly thing (D)
  A guardian serpent (D)
  2 elephants (D)
  4 black mambas (D)
  2 spiny frogs (D)
  A komodo dragon (D)
  A fire drake (D)
  A deep elf priest (D)
  3 wandering mushrooms (D)
  4 spriggan defenders (D)
  8 blink frogs (D)
  A queen bee (D)
  4 snapping turtles (D)
  A slime creature (D)
  3 redbacks (D)
  2 spriggans (D)
  A shadow (D)
  A spatial vortex (D)
  An orc warrior (D)
  3 water moccasins (D)
  A swamp drake (D)
  A necrophage (D)
  2 centaurs (D)
  An earth elemental (D)
  2 brain worms (D)
  A water elemental (D)
  32 killer bees (D)
  An electric eel (D)
  A jelly (D)
  2 orc priests (D)
  Jessica (D)
  A wizard (D)
  An orc wizard (D)
  A necromancer (D)
  3 humans (D)
  A kobold demonologist (D)
  7 adders (D)
  An ooze (D)
  A phantom (D)
  9 orcs (D)
  A rat (D)
  2 plants (D)
157 creatures vanquished.

Vanquished Creatures (collateral kills)
  2 nagas (D)
  An orc (D)
3 creatures vanquished.

Vanquished Creatures (others)
  2 draconian scorchers (D)
  Nessos (D)
  A dancing weapon (D)
  2 yaktaurs (D)
  4 tentacles (D)
  29 tentacle segments (D)
39 creatures vanquished.

Grand Total: 199 creatures vanquished

Notes
Turn   | Place    | Note
--------------------------------------------------------------
     0 | D        | Kidiri the Spriggan Enchanter began the quest for the Orb.
     0 | D        | Reached XP level 1. HP: 9/9 MP: 5/5
     7 | D        | Reached skill level 5 in Stealth
    19 | D        | Noticed Jessica
    28 | D        | Killed Jessica
    28 | D        | Reached skill level 5 in Dodging
    28 | D        | Reached skill level 6 in Stealth
    28 | D        | Reached XP level 2. HP: 11/13 MP: 6/8
    28 | D        | Reached XP level 3. HP: 13/16 MP: 6/9
    32 | D        | Learned a level 2 spell: Ensorcelled Hibernation
    36 | D        | Learned a level 3 spell: Confuse
    40 | D        | Learned a level 3 spell: Tukima's Dance
   201 | D        | Killed a yaktaur
   215 | D        | Killed a white draconian scorcher
   318 | D        | Killed a white draconian scorcher
   679 | D        | Reached skill level 7 in Stealth
   702 | D        | Gained mutation: You have a somewhat thin skeletal structure (Dex +2, Stealth). [potion of mutation]
   702 | D        | Gained mutation: You are partially covered in large bone plates (AC +2, SH +2). [potion of mutation]
   703 | D        | Gained mutation: Your body sometimes deteriorates upon taking damage. [potion of mutation]
   703 | D        | Gained mutation: You possess an exceptional clarity of mind. [potion of mutation]
   703 | D        | Gained mutation: You are robust (+10% HP). [potion of mutation]
   742 | D        | Noticed a water elemental
   744 | D        | Killed a water elemental
   744 | D        | Reached skill level 8 in Stealth
   744 | D        | Reached skill level 5 in Spellcasting
   744 | D        | Reached skill level 5 in Hexes
   744 | D        | Reached skill level 1 in Ice Magic
   744 | D        | Reached XP level 4. HP: 23/23 MP: 10/12
   749 | D        | Learned a level 3 spell: Dazzling Spray
   797 | D        | Noticed a jelly
   798 | D        | Noticed a shadow
   800 | D        | Killed a shadow
   800 | D        | Reached skill level 9 in Dodging
   800 | D        | Reached skill level 1 in Conjurations
   800 | D        | Reached XP level 5. HP: 26/26 MP: 12/15
   805 | D        | Killed a jelly
   805 | D        | Reached skill level 10 in Stealth
   805 | D        | Reached XP level 6. HP: 30/30 MP: 12/17
   813 | D        | Found a stormy altar of Qazlal.
   814 | D        | Found a sacrificial altar of Ru.
   814 | D        | Found a burning altar of Makhleb.
   814 | D        | Found a viscous altar of Jiyva.
   814 | D        | Found a shimmering altar of Xom.
   814 | D        | Found a shadowy altar of Dithmenos.
   814 | D        | Found a sparkling altar of Nemelex Xobeh.
   814 | D        | Found a corrupted altar of Lugonu.
   814 | D        | Found an opulent altar of Gozag.
   814 | D        | Noticed a spatial vortex
   816 | D        | Killed a spatial vortex
   816 | D        | Reached skill level 5 in Short Blades
   816 | D        | Reached skill level 10 in Dodging
   816 | D        | Reached skill level 11 in Stealth
   819 | D        | Became a worshipper of Dithmenos the Shadowed
   856 | D        | Found a radiant altar of Vehumet.
   857 | D        | Noticed a wizard
   864 | D        | Killed a wizard
   868 | D        | Found a deep blue altar of Sif Muna.
   868 | D        | Found an ancient bone altar of Kikubaaqudgha.
   986 | D        | Found a glowing silver altar of Zin.
   987 | D        | Found a glowing golden altar of the Shining One.
   987 | D        | Found a white marble altar of Elyvilon.
   987 | D        | Noticed a deep elf priest
   989 | D        | Killed a deep elf priest
   989 | D        | Reached skill level 1 in Invocations
   989 | D        | Reached XP level 7. HP: 35/35 MP: 18/20
  1000 | D        | Found an iron altar of Okawaru.
  1001 | D        | Found a bloodstained altar of Trog.
  1001 | D        | Noticed a human
  1001 | D        | Noticed a human
  1003 | D        | Killed a human
  1003 | D        | Reached skill level 12 in Stealth
  1004 | D        | Killed a human
  1019 | D        | Found a basalt altar of Yredelemnul.
  1019 | D        | Found a snail-covered altar of Cheibriados.
  1019 | D        | Found a blossoming altar of Fedhas.
  1019 | D        | Noticed a necrophage
  1019 | D        | Noticed a necromancer
  1021 | D        | Killed a necrophage
  1021 | D        | Acquired Dithmenos's first power
  1021 | D        | Reached XP level 8. HP: 39/39 MP: 22/22
  1022 | D        | Killed a necromancer
  1057 | D        | Killed Nessos
  1147 | D        | Noticed Josephine
  1149 | D        | Killed Josephine
  1149 | D        | Reached skill level 14 in Stealth
  1149 | D        | Reached skill level 10 in Spellcasting
  1169 | D        | Noticed an earth elemental
  1172 | D        | Killed an earth elemental
  1177 | D        | Noticed a centaur
  1177 | D        | Noticed a centaur warrior
  1177 | D        | Noticed a centaur
  1179 | D        | Killed a centaur
  1181 | D        | Killed a centaur warrior
  1181 | D        | Acquired Dithmenos's second power
  1181 | D        | Reached skill level 5 in Ice Magic
  1181 | D        | Reached XP level 9. HP: 42/42 MP: 23/25
  1182 | D        | Killed a centaur
  1182 | D        | Reached skill level 15 in Stealth
  1200 | D        | Noticed an unseen horror
  1202 | D        | Killed an unseen horror
  1212 | D        | Noticed a killer bee
  1212 | D        | Noticed a killer bee
  1212 | D        | Noticed a killer bee
  1212 | D        | Noticed a killer bee
  1212 | D        | Noticed a killer bee
  1212 | D        | Noticed a killer bee
  1212 | D        | Noticed a killer bee
  1212 | D        | Noticed a killer bee
  1212 | D        | Noticed a killer bee
  1212 | D        | Noticed a killer bee
  1212 | D        | Noticed a killer bee
  1212 | D        | Noticed a killer bee
  1212 | D        | Noticed a killer bee
  1212 | D        | Noticed a killer bee
  1212 | D        | Noticed a killer bee
  1213 | D        | Noticed a killer bee
  1213 | D        | Noticed a killer bee
  1213 | D        | Noticed a killer bee
  1213 | D        | Noticed a killer bee
  1213 | D        | Noticed a killer bee
  1213 | D        | Noticed a killer bee
  1213 | D        | Noticed a killer bee
  1213 | D        | Noticed a killer bee
  1213 | D        | Noticed a killer bee
  1213 | D        | Noticed a killer bee
  1213 | D        | Noticed a killer bee
  1213 | D        | Noticed a killer bee
  1213 | D        | Noticed a killer bee
  1213 | D        | Noticed a queen bee
  1213 | D        | Noticed a killer bee
  1213 | D        | Noticed a killer bee
  1213 | D        | Noticed a killer bee
  1213 | D        | Noticed a killer bee
  1217 | D        | Killed a killer bee
  1219 | D        | Killed a killer bee
  1221 | D        | Killed a killer bee
  1221 | D        | Acquired Dithmenos's third power
  1223 | D        | Killed a killer bee
  1225 | D        | Killed a killer bee
  1227 | D        | Killed a killer bee
  1229 | D        | Killed a killer bee
  1233 | D        | Killed a killer bee
  1236 | D        | Killed a killer bee
  1236 | D        | Acquired Dithmenos's fourth power
  1470 | D        | Killed a killer bee
  1472 | D        | Killed a killer bee
  1474 | D        | Killed a killer bee
  1476 | D        | Killed a killer bee
  1476 | D        | Reached skill level 5 in Conjurations
  1478 | D        | Killed a killer bee
  1480 | D        | Killed a killer bee
  1480 | D        | Reached skill level 16 in Stealth
  1482 | D        | Killed a killer bee
  1482 | D        | Reached XP level 10. HP: 48/48 MP: 13/27
  1484 | D        | Killed a killer bee
  1486 | D        | Killed a killer bee
  1488 | D        | Killed a killer bee
  1490 | D        | Killed a killer bee
  1492 | D        | Killed a killer bee
  1494 | D        | Killed a killer bee
  1494 | D        | Reached skill level 15 in Dodging
  1708 | D        | Killed a killer bee
  1710 | D        | Killed a killer bee
  1712 | D        | Killed a killer bee
  1717 | D        | Killed a killer bee
  1720 | D        | Killed a killer bee
  1723 | D        | Killed a killer bee
  1726 | D        | Killed a killer bee
  1726 | D        | Reached skill level 10 in Hexes
  1728 | D        | Killed a killer bee
  1864 | D        | Killed a killer bee
  1868 | D        | Killed a killer bee
  1873 | D        | Killed a queen bee
  2004 | D        | Noticed a wandering mushroom
  2005 | D        | Noticed a wandering mushroom
  2005 | D        | Noticed a wandering mushroom
  2009 | D        | Killed a wandering mushroom
  2010 | D        | Killed a wandering mushroom
  2011 | D        | Killed a wandering mushroom
  2085 | D        | Noticed a spiny frog
  2085 | D        | Noticed a komodo dragon
  2085 | D        | Noticed a spiny frog
  2088 | D        | Killed a komodo dragon
  2088 | D        | Reached skill level 17 in Stealth
  2091 | D        | Killed a spiny frog
  2093 | D        | Killed a spiny frog
  2163 | D        | Noticed a redback
  2165 | D        | Killed a redback
  2166 | D        | Noticed a brain worm
  2170 | D        | Killed a brain worm
  2176 | D        | Noticed a brain worm
  2178 | D        | Killed a brain worm
  2184 | D        | Noticed a lindwurm
  2187 | D        | Noticed a redback
  2188 | D        | Killed a lindwurm
  2190 | D        | Killed a redback
  2195 | D        | Noticed a redback
  2196 | D        | Killed a redback
  2197 | D        | Noticed Maud
  2199 | D        | Killed Maud
  2199 | D        | Reached skill level 18 in Stealth
  2199 | D        | Reached XP level 11. HP: 51/51 MP: 30/30
  2288 | D        | Noticed an electric eel
  2289 | D        | Noticed an eight-headed hydra
  2289 | D        | Noticed a six-headed hydra
  2290 | D        | Killed an electric eel
  2292 | D        | Killed an eight-headed hydra
  2293 | D        | Killed a six-headed hydra
  2293 | D        | Reached skill level 10 in Short Blades
  2330 | D        | Noticed a death drake
  2333 | D        | Killed a death drake
  2343 | D        | Found a blossoming altar of Fedhas.
  2343 | D        | Noticed a spriggan
  2343 | D        | Noticed a spriggan druid
  2343 | D        | Noticed a spriggan
  2346 | D        | Killed a spriggan druid
  2346 | D        | Reached skill level 15 in Spellcasting
  2347 | D        | Killed a spriggan
  2347 | D        | Reached skill level 19 in Stealth
  2348 | D        | Killed a spriggan
  2377 | D        | Noticed an anaconda
  2378 | D        | Noticed an anaconda
  2378 | D        | Noticed a black mamba
  2395 | D        | Killed an anaconda
  2399 | D        | Killed an anaconda
  2401 | D        | HP: 1/51 [black mamba (12)]
  2408 | D        | Killed a black mamba
  2677 | D        | Killed a yaktaur
  2708 | D        | Noticed an anaconda
  2708 | D        | Noticed a water moccasin
  2710 | D        | Noticed an anaconda
  2711 | D        | Killed a water moccasin
  2714 | D        | Killed an anaconda
  2715 | D        | Killed an anaconda
  2733 | D        | Noticed a black mamba
  2733 | D        | Noticed a water moccasin
  2733 | D        | Noticed a water moccasin
  2747 | D        | Killed a water moccasin
  2751 | D        | Killed a black mamba
  2753 | D        | Killed a water moccasin
  2868 | D        | Reached skill level 20 in Stealth
  2876 | D        | Noticed a naga
  2876 | D        | Noticed a naga
  2899 | D        | Noticed a naga warrior
  2899 | D        | Noticed a greater naga
  2899 | D        | Found Funaf's Gadget Shop.
  2899 | D        | Found Xont's Magic Scroll Shoppe.
  2899 | D        | Found Deucsok's Antique Weapon Boutique.
  2908 | D        | Killed a naga
  2915 | D        | Killed a naga
  2982 | D        | Killed a greater naga
  2982 | D        | Reached XP level 12. HP: 52/56 MP: 11/33
  2986 | D        | Killed a naga warrior
  3028 | D        | Noticed a guardian serpent
  3031 | D        | Killed a guardian serpent
  3034 | D        | Got a serpentine rune of Zot
  3140 | D        | Noticed a swamp drake
  3140 | D        | Noticed a fire drake
  3141 | D        | Killed a fire drake
  3143 | D        | Killed a swamp drake
  3157 | D        | Noticed a blink frog
  3157 | D        | Noticed a blink frog
  3157 | D        | Noticed a blink frog
  3157 | D        | Noticed a blink frog
  3158 | D        | Noticed a blink frog
  3165 | D        | Killed a blink frog
  3214 | D        | Killed a blink frog
  3373 | D        | Killed a blink frog
  3507 | D        | Killed a blink frog
  3509 | D        | Killed a blink frog
  3519 | D        | Noticed Rupert
  3521 | D        | Killed Rupert
  3521 | D        | Reached skill level 21 in Stealth
  3550 | D        | Noticed a death yak
  3552 | D        | Noticed a death yak
  3552 | D        | Noticed a blink frog
  3553 | D        | Noticed an azure jelly
  3553 | D        | Noticed a death yak
  3553 | D        | Noticed an azure jelly
  3553 | D        | Noticed a blink frog
  3553 | D        | Noticed a death yak
  3554 | D        | Killed a death yak
  3555 | D        | Killed a blink frog
  3556 | D        | Killed a death yak
  3557 | D        | Noticed a blink frog
  3557 | D        | Noticed a black mamba
  3558 | D        | Killed a death yak
  3559 | D        | Noticed a black mamba
  3560 | D        | Killed a blink frog
  3561 | D        | Killed a blink frog
  3562 | D        | Killed a death yak
  3564 | D        | Killed a black mamba
  3565 | D        | Killed a black mamba
  3597 | D        | Noticed a snapping turtle
  3599 | D        | Noticed a kraken
  3604 | D        | Killed a snapping turtle
  3656 | D        | Noticed a snapping turtle
  3674 | D        | Killed a snapping turtle
  3720 | D        | Killed a kraken
  3720 | D        | Reached skill level 22 in Stealth
  3766 | D        | Noticed an alligator snapping turtle
  3766 | D        | Noticed a snapping turtle
  3767 | D        | Noticed a snapping turtle
  3767 | D        | Noticed an alligator snapping turtle
  3767 | D        | Found Mine's Food Shop.
  3767 | D        | Found Xygim's Gadget Boutique.
  3767 | D        | Found Tisutoco's Antique Weapon Shoppe.
  3768 | D        | Killed an alligator snapping turtle
  3768 | D        | Reached XP level 13. HP: 60/60 MP: 30/35
  3769 | D        | Killed a snapping turtle
  3771 | D        | Killed an alligator snapping turtle
  3773 | D        | Killed a snapping turtle
  3779 | D        | Got a barnacled rune of Zot
  3835 | D        | Noticed an azure jelly
  3835 | D        | Noticed an azure jelly
  3836 | D        | Noticed an elephant
  3836 | D        | Noticed an elephant
  3836 | D        | Noticed a dire elephant
  3836 | D        | Noticed a dire elephant
  3836 | D        | Noticed Gastronok
  3838 | D        | Killed Gastronok
  3839 | D        | Killed a dire elephant
  3841 | D        | Killed a dire elephant
  3850 | D        | Killed an elephant
  3851 | D        | Killed an elephant
  3989 | D        | Noticed an orc high priest
  3990 | D        | Noticed an orc wizard
  3990 | D        | Noticed an orc warrior
  3990 | D        | Noticed an orc high priest
  3990 | D        | Noticed an orc knight
  3990 | D        | Noticed an orc knight
  3990 | D        | Noticed an orc priest
  3990 | D        | Noticed an orc knight
  3990 | D        | Found Maplethi's Weapon Shop.
  3991 | D        | Killed an orc high priest
  3993 | D        | Killed an orc high priest
  3993 | D        | Reached skill level 23 in Stealth
  3995 | D        | Killed an orc priest
  3996 | D        | Killed an orc knight
  4003 | D        | Killed an orc wizard
  4007 | D        | Killed an orc warrior
  4010 | D        | Killed an orc knight
  4013 | D        | Killed an orc knight
  4194 | D        | Noticed Wiglaf
  4194 | D        | Noticed Frances
  4196 | D        | Killed Wiglaf
  4196 | D        | Reached skill level 10 in Ice Magic
  4198 | D        | Killed Frances
  4208 | D        | Noticed an orc high priest
  4208 | D        | Noticed an orc high priest
  4209 | D        | Noticed an orc priest
  4209 | D        | Noticed an orc high priest
  4210 | D        | Killed an orc high priest
  4211 | D        | Killed an orc high priest
  4213 | D        | Killed an orc priest
  4214 | D        | Killed an orc high priest
  4283 | D        | Noticed a spriggan defender
  4284 | D        | Noticed a spriggan defender
  4284 | D        | Noticed a spriggan defender
  4284 | D        | Noticed a spriggan defender
  4285 | D        | Killed a spriggan defender
  4286 | D        | Killed a spriggan defender
  4288 | D        | Killed a spriggan defender
  4289 | D        | Killed a spriggan defender
  4395 | D        | Noticed a green ugly thing
  4398 | D        | Killed a green ugly thing
  4452 | D        | Noticed a centaur warrior
  4456 | D        | Killed a centaur warrior
  4471 | D        | Noticed a slime creature
  4472 | D        | Noticed a fire dragon
  4473 | D        | Killed a slime creature
  4481 | D        | Killed a fire dragon
  4509 | D        | Noticed a hand axe of freezing
  4509 | D        | Noticed a long sword of slicing
  4509 | D        | Noticed a battleaxe of chopping
  4510 | D        | Noticed a glaive of venom
  4533 | D        | Killed a hand axe of freezing
  4533 | D        | Reached skill level 24 in Stealth
  4756 | D        | HP: 3/60 [poisoned by a glaive of venom]
  4761 | D        | HP: 1/60 [poisoned by a glaive of venom]
  4768 | D        | Succumbed to a glaive of venom's poison

Vault maps used:
D:        dungeon_sprint_mu

Action                   |  1- 3 |  4- 6 |  7- 9 | 10-12 | 13-15 || total
-------------------------+-------+-------+-------+-------+-------++-------
Melee: Dagger            |    21 |     7 |    27 |    89 |   155 ||   299
 Cast: Ensorcelled Hiber |     6 |     2 |    19 |    48 |     5 ||    80
       Confuse           |     2 |     1 |       |     2 |       ||     5
       Dazzling Spray    |       |     3 |     2 |    33 |    18 ||    56
       Tukima's Dance    |       |       |       |     2 |     2 ||     4
Invok: Shadow Step       |       |       |       |    16 |     7 ||    23
  Use: Scroll            |     4 |       |       |     1 |       ||     5
       Potion            |     2 |       |       |     4 |     5 ||    11
 Stab: Sleeping          |     3 |     4 |    24 |    69 |    27 ||   127
       Confused          |     1 |       |       |       |       ||     1
       Invisible         |       |     1 |       |     2 |     3 ||     6
       Distracted        |       |       |       |       |     1 ||     1
  Eat: Bread ration      |       |       |       |     1 |       ||     1
